Unix NetHack Version 5.0.0-0 post-release - last build Jul 19 2026 19:10:59 (3aa4ab31751d3886436d94b585a96704892fd477,branch:main).

Game began 2026-07-22 18:09:31, ended 2026-07-24 17:50:39.

Barrb, neutral female human Barbarian

                 -----------               ----+-----    ---------
 ----------- ####........@.|              #........<|   #....`...|
 |.........| #   |.....%f..|              #|........|####|.......|
 |.........|#[   -------|---              #|........-####|.......|
 |..>......|#           #                 #|........|    -------.-
 |.........|#           #                 #|........|          ##
 |..........#           ###               #----------          #
 |.........|              #               ##                   #
 -----------     ---------.-               #              ---.-|------
                 |..........##             # `############..........`|
                 |.........| #####)###########            |..........|
                 |..........######---------#              |..........|
                 |.........|     #-.......|#              ------------
                 |.........|      |.......|
                 |.........|      |.......|
                 -----------      ---------

Barrb the Brigand          St:25 Dx:17 Co:17 In:8 Wi:11 Ch:12  Neutral
Dlvl:8  $:0  HP:0(114) Pw:36(36) AC:0  Xp:11 T:19262  Burdened

Latest messages:
 The scorpion hits!
 The scorpion misses!
 The scorpion stings!
 You smite the scorpion!
 The scorpion hits!
 The scorpion misses!
 The scorpion misses!
 The scorpion hits!
 The scorpion misses!
 The scorpion stings!
 You smite the scorpion!
 The scorpion hits!
 The scorpion hits again!
 The scorpion stings!
 You kill the scorpion!
 You see here a scorpion corpse.
 There is a partly eaten giant beetle corpse here; eat it? [ynq] (n) y
 You consume the last bite of your meal.
 You finish eating the giant beetle corpse.
 You hear the footsteps of a guard on patrol.
 You stop searching.
 The lynx hits!
 The lynx hits again!
 The lynx misses!
 You smite the lynx!
 The lynx hits!
 The lynx misses!
 The lynx bites!
 You smite the lynx!
 The lynx hits!
 The lynx hits again!
 The lynx bites!
 You smite the lynx!
 The lynx hits!
 The lynx hits again!
 The lynx bites!
 You smite the lynx!
 The lynx hits!
 The lynx hits again!
 The lynx bites!
 The lynx hits!
 The lynx hits again!
 The lynx bites!
 Are you sure you want to pray? [yn] (n) y
 You begin praying to Crom.
 The lynx hits!
 The lynx hits again!
 The lynx bites!
 You die...
 Do you want your possessions identified? [ynq] (y) q

Inventory:
 Amulets  ('"')
  m - an uncursed amulet of ESP (being worn)
 Weapons  (')')
  D - 53 +0 darts (at the ready)
  b - a thoroughly rusty +0 axe (weapon in right hand)
  a - a corroded +0 two-handed sword
 Armor    ('[')
  G - an uncursed +0 dwarvish iron helm (being worn)
  y - an uncursed rusty +0 pair of gauntlets of power (being worn)
  r - an uncursed +0 pair of iron shoes (being worn)
  Y - a blessed +0 elven cloak (being worn)
  T - an uncursed +0 elven mithril-coat (being worn)
 Comestibles  ('%')
  g - an uncursed tripe ration
  V - 3 uncursed tripe rations
  f - 3 uncursed lizard corpses
 Scrolls  ('?')
  d - an uncursed scroll of earth
  Q - an uncursed scroll of food detection
  H - an uncursed scroll of light
  v - an uncursed scroll of remove curse
  B - a blessed scroll of teleportation
  X - 2 uncursed scrolls of teleportation
 Potions  ('!')
  l - a cursed diluted potion of gain energy
  j - an uncursed potion of see invisible
  u - an uncursed potion of sleeping
 Rings    ('=')
  K - an uncursed +1 ring of adornment (on left hand)
  e - an uncursed ring of levitation
  R - an uncursed ring of levitation
  L - an uncursed ring of poison resistance
  z - an uncursed ring of regeneration
  x - an uncursed ring of searching (on right hand)
  k - an uncursed ring of stealth
 Wands    ('/')
  J - a wand of cancellation (0:6)
  t - a wand of cold (0:1)
  n - a wand of digging (0:6)
  s - a blessed wand of lightning (0:0)
  U - a wand of magic missile (0:4)
  p - a wand of magic missile (0:3)
  C - a wand of sleep (0:3)
  c - a wand of speed monster (0:5)
  A - a wand of stasis (0:2)
  W - a wand of striking (0:3)
  Z - a wand of teleportation (0:7)
 Tools    ('(')
  I - an uncursed bag of holding containing 23 items
  w - an uncursed lock pick
  i - an uncursed magic whistle
  o - an uncursed skeleton key
  F - an uncursed towel
 Gems/Stones  ('*')
  q - 3 uncursed worthless pieces of yellow glass
  O - an uncursed flint stone
  M - an uncursed luckstone

Contents of the bag of holding:
  2176 gold pieces
  13 +0 arrows
  6 poisoned +0 arrows
  an uncursed burnt +3 cloak of invisibility
  an uncursed slime mold
  5 uncursed food rations
  an uncursed tin of quasit meat
  an uncursed tin of floating eye meat
  3 uncursed scrolls of blank paper
  an uncursed scroll of enchant armor
  an uncursed scroll of destroy armor
  an uncursed scroll of remove curse
  5 uncursed potions of water
  a wand of fire (0:3)
  an uncursed magic lamp
  a magic marker (0:67)
  a cursed magic marker (0:21)
  a +0 pick-axe
  a tinning kit (0:55)
  a +0 unicorn horn
  an uncursed worthless piece of black glass
  5 uncursed worthless pieces of violet glass
  an uncursed amber stone

Barrb the Barbarian's attributes:

Background:
 You were a Brigand, a level 11 female human Barbarian.
 You were neutral, on a mission for Crom
 who was opposed by Mitra (lawful) and Set (chaotic).
 You were right-handed.
 You were in the Dungeons of Doom, on level 8.
 You entered the dungeon 19262 turns ago.
 You had 11666 experience points, 8334 more were needed to attain level 12.

Basics:
 You had 0 out of 114 hit points.
 You had all 36 energy points (spell power).
 Your armor class was 0.
 Your wallet was empty, but
 you had 2176 zorkmids stashed away in your pack.
 Autopickup was off.

Final Characteristics:
 Your strength was 25 (base:17, innate limit:18/100).
 Your dexterity was 17 (limit:18).
 Your constitution was 17 (peak:18, limit:18).
 Your intelligence was 8 (limit:18).
 Your wisdom was 11 (limit:18).
 Your charisma was 12 (base:11, limit:18).

Final Status:
 You weren't hungry.
 You were burdened; movement was slightly slowed.
 You were wielding an axe.
 You had basic skill with axe and could have enhanced that.

Final Attributes:
 You were piously aligned.
 You were cold resistant.
 You were sleep resistant.
 You were poison resistant.
 You were telepathic.
 You had automatic searching.
 You were more charismatic.
 You were stealthy.
 You were guarded.
 You were fast.
 You were unlucky.
 You had extra luck.
 Bad luck did not time out for you.
 Good luck did not time out for you.
 You are dead.

Miscellaneous:
 You encountered 2 bones levels.
 Total elapsed playing time was 7 hours, 11 minutes and 37 seconds.

Major events:
 Turn
    1: Barrb the neutral female human Barbarian entered the dungeon
  848: attained the rank of Pillager (level 3)
 1109: entered the Gnomish Mines
 2567: attained the rank of Bandit (level 6)
 3639: reached Mine Town
 6259: acquired the Mines' End luckstone
 8626: entered Sokoban
 8990: completed 1st Sokoban level
10336: attained the rank of Brigand (level 10)
10546: completed 2nd Sokoban level
11344: completed 3rd Sokoban level
12663: completed 4th Sokoban level
19262: killed by a lynx, while praying

You didn't know any spells.

Skills:
 Fighting Skills
   bare handed combat [Basic]
   two weapon combat  [Unskilled]
   riding             [Unskilled]
 Weapon Skills
   dagger             [Unskilled]
   axe                [Basic]
   pick-axe           [Unskilled]
   short sword        [Unskilled]
   broadsword         [Unskilled]
   long sword         [Unskilled]
   two-handed sword   [Skilled]
   saber              [Unskilled]
   club               [Unskilled]
   mace               [Unskilled]
   morning star       [Unskilled]
   flail              [Unskilled]
   hammer             [Unskilled]
   quarterstaff       [Unskilled]
   spear              [Unskilled]
   trident            [Unskilled]
   bow                [Unskilled]
 Spellcasting Skills
   attack spells      [Unskilled]
   escape spells      [Unskilled]

Voluntary challenges:
 Character rerolling was not enabled.
 You never genocided any monsters.
 You never polymorphed an object.
 You used no wishes.
 You violated the special Sokoban rules 4 times.
Achievements:
 You attained the rank of Pillager.
 You entered the Gnomish Mines.
 You attained the rank of Bandit.
 You entered Minetown.
 You entered a temple.
 You entered a shop.
 You completed the Gnomish Mines.
 You entered Sokoban.
 You attained the rank of Brigand.

 The Dungeons of Doom: levels 1 to 9
    Level 1:
       A fountain.
    Level 2:
       Stairs down to The Gnomish Mines.
    Level 3:
       An altar.
    Level 4:
       A fountain.
    Level 5:
    Level 6:
       Many fountains, some sinks.
    Level 7:
       Many fountains.
    Level 8: <- You were here.
       Stairs up to Sokoban, level 7.
       Final resting place for
          you, killed by a lynx, while praying.
    Level 9:
       A fountain.
 The Gnomish Mines: levels 3 to 10
    Level 3:
    Level 4:
    Level 5:
       A grave.
       Final resting place for
          Lanfaedhe-Wiz-Elf-Fem-Cha, killed by a giant spider.
    Level 6:
       Many shops, a temple and an altar, some fountains.
    Level 7:
    Level 8:
    Level 9:
       A grave.
       Final resting place for
          Tehsapper-Cav-Hum-Mal-Neu, killed by a death ray, while jumping around.
    Level 10:
       A fountain.
 Sokoban: levels 7 up to 4
    Level 4:
       Solved.
    Level 5:
       Solved.
    Level 6:
       Solved.
    Level 7:
       Solved.


Vanquished creatures:
  2 vampires
  3 ghosts
  2 giant mimics
  a long worm
  2 zruties
  a flesh golem
  a doppelganger
  a large mimic
  a stalker
  a giant zombie
  3 winter wolves
  a small mimic
  a xan
 an ettin mummy
  a quantum mechanic
  3 trolls
  2 gelatinous cubes
  a flaming sphere
  a shocking sphere
  2 large cats
  2 gargoyles
  a dwarf ruler
  5 tengu
  a leocrotta
  a human mummy
  2 pythons
  a pit viper
  a wraith
  2 carnivorous apes
  3 ettin zombies
  2 Grey-elves
  2 watchmen
 an amorous demon
  3 chameleons
  a crocodile
  a giant beetle
  2 quivering blobs
  2 cockatrices
  5 wolves
  5 winter wolf cubs
  2 lynxes
  3 panthers
  2 spotted jellies
  3 leprechauns
 an iron piercer
  2 mumakil
  4 giant spiders
  2 scorpions
  2 horses
 an ice vortex
  2 black lights
  2 vampire bats
  a forest centaur
  3 gnome rulers
  4 orc mummies
  3 dwarf mummies
  a brown pudding
  a rust monster
  3 owlbears
  2 yetis
  a gold golem
  2 werewolves
  6 Green-elves
  3 lizards
  2 chickatrices
  a dingo
  a housecat
  a jaguar
  3 dwarf leaders
  a black unicorn
  3 dust vortices
  2 ravens
  a plains centaur
  2 gnome mummies
  3 snakes
  2 apes
  a human zombie
  2 Woodland-elves
  5 fire ants
  3 bugbears
 an imp
  a quasit
  a wood nymph
  a mountain nymph
 11 Mordor orcs
  a rock mole
  a fog cloud
  4 yellow lights
  4 shriekers
  a violet fungus
  8 gnome leaders
  4 gnomish wizards
  6 kobold mummies
  a gray ooze
  6 elf zombies
  3 ghouls
  2 straw golems
  a paper golem
 18 giant ants
  2 little dogs
  6 floating eyes
  3 kittens
 11 dwarves
  a homunculus
  a kobold leader
  8 hill orcs
  6 rothes
  2 centipedes
  2 giant bats
  a monkey
 an orc zombie
  3 wererats
  a werejackal
  4 iguanas
  9 killer bees
  2 acid blobs
  5 coyotes
  5 hobbits
  2 manes
  2 large kobolds
  3 hobgoblins
  5 giant rats
  3 cave spiders
  a yellow mold
  a green mold
 48 gnomes
  6 garter snakes
  a gnome zombie
  4 geckos
 11 jackals
  3 kobolds
  3 goblins
  a sewer rat
 11 grid bugs
  6 lichens
  2 kobold zombies
  7 newts
431 creatures vanquished.

No species were genocided or became extinct.

Game over:
                       ----------
                      /          \
                     /    REST    \
                    /      IN      \
                   /     PEACE      \
                  /                  \
                  |      Barrb       |
                  |     2176 Au      |
                  | killed by a lynx |
                  |                  |
                  |                  |
                  |                  |
                  |       2026       |
                 *|     *  *  *      | *
        _________)/\\_//(\/(/\)/\//\/|_)_______

Goodbye Barrb the Barbarian...

You died in The Dungeons of Doom on dungeon level 8 with 48235 points,
and 2176 pieces of gold, after 19262 moves.
You were level 11 with a maximum of 114 hit points when you died.

